 Dungeon Crawl Stone Soup version 0.25-a0-766-g0ecfff5982 (webtiles) character file.

Game seed: 5185206064995984753, levelgen mode: deterministic

89274 MisterFreud the Blocker (level 15, -9/120 HPs)
             Began as a Gnoll Fighter on Apr 13, 2020.
             Was the Champion of Ashenzari.
             Mangled by an orc knight
             ... wielding a +1 great sword of electrocution
              (25 damage)
             ... on level 2 of the Orcish Mines.
             The game lasted 00:55:38 (24371 turns).

MisterFreud the Blocker (Gnoll Fighter)            Turns: 24371, Time: 00:55:40

Health: -9/120     AC: 25    Str: 20    XL:     15   Next: 96%
Magic:  29/29      EV: 17    Int: 20    God:    Ashenzari [******]
Gold:   2156       SH: 14    Dex: 20    Spells: 34/34 levels left

rFire    . . .     SeeInvis +   F - +9 demon trident (elec) (curse)
rCold    . . .     Gourm    .   c - +0 kite shield (curse)
rNeg     . . .     Faith    .   P - +7 chain mail "Luum" {Int+3 Dex+5}
rPois    +         Spirit   .   A - +3 crown of Dyrovepreva {rElec Int+2 SInv}
rElec    +         Reflect  .   (no cloak)
rCorr    +         Harm     .   r - +0 pair of gloves
MR       +....     Clarity  +   q - +0 pair of boots "Nidghuno" {Regen+ rCorr} (curse)
Stlth    ++........             v - amulet of regeneration
HPRegen  1.10/turn              K - ring of poison resistance
MPRegen  0.21/turn              S - +2 ring of evasion

@: no status effects
A: distributed training, fangs 1, strong nose
a: Curse Item, Scrying, Renounce Religion


You were on level 2 of the Orcish Mines.
You worshipped Ashenzari.
Ashenzari was exalted by your worship.
You were not hungry.

You visited 3 branches of the dungeon, and saw 23 of its levels.

You collected 2670 gold pieces.
You spent 514 gold pieces at shops.

Inventory:

Hand Weapons
 F - a cursed +9 demon trident of electrocution (weapon)
Missiles
 a - 5 javelins (quivered)
 H - 31 boomerangs
 W - 2 silver boomerangs
Armour
 c - a cursed +0 kite shield (worn)
 q - the cursed +0 pair of boots "Nidghuno" (worn) {Regen+ rCorr}
   (You bought it in a shop on level 6 of the Dungeon)

   It increases your rate of regeneration.
   It provides partial protection from all sources of acid and corrosion.
   It has a curse placed upon it.
 r - a +0 pair of gloves (worn)
 A - the +3 crown of Dyrovepreva (worn) {rElec Int+2 SInv}
   (You found it on level 3 of the Lair of Beasts)

   It affects your intelligence (+2).
   It insulates you from electricity.
   It lets you see invisible.
 P - the +7 chain mail "Luum" (worn) {Int+3 Dex+5}
   (You found it on level 10 of the Dungeon)

   It affects your intelligence (+3).
   It affects your dexterity (+5).
Jewellery
 l - an uncursed ring of positive energy
 v - an amulet of regeneration (around neck)
 K - a ring of poison resistance (left hand)
 S - a +2 ring of evasion (right hand)
 X - an uncursed ring of protection from fire
 Z - an uncursed ring of wizardry
Wands
 g - a wand of flame (21)
 t - a wand of acid (2)
 w - a wand of enslavement (6)
 E - a wand of iceblast (1)
 N - a wand of polymorph (8)
 Y - a wand of scattershot (7)
Scrolls
 b - 4 scrolls of amnesia
 h - 5 scrolls of magic mapping
 i - 11 scrolls of remove curse
 n - 4 scrolls of identify
 o - a scroll of fog
 x - a scroll of fear
 y - 2 scrolls of enchant armour
 D - 3 scrolls of blinking
 J - 8 scrolls of teleportation
 O - 2 scrolls of holy word
 R - 2 scrolls of silence
Potions
 d - 5 potions of might
 e - a potion of ambrosia
 k - 4 potions of stabbing
 m - 3 potions of mutation
 p - a potion of invisibility
 s - 7 potions of curing
 z - a potion of resistance
 B - 3 potions of haste
 C - 2 potions of berserk rage
 G - a potion of degeneration {unknown}
 L - 4 potions of flight
 M - 2 potions of lignification
 Q - 3 potions of brilliance
 U - 3 potions of heal wounds
 V - 2 potions of magic
Miscellaneous
 j - a phantom mirror
 u - a box of beasts
 I - a lightning rod (4/4)
Comestibles
 f - 31 rations
 T - 12 chunks of flesh


   Skills:
 + Level 12.0 Fighting
 + Level 11.2 Short Blades
 + Level 10.3 Long Blades
 + Level 10.3 Axes
 + Level 10.3 Maces & Flails
 + Level 10.3(14.5) Polearms
 + Level 10.3 Staves
 + Level 10.3 Slings
 + Level 10.3 Bows
 + Level 10.3 Crossbows
 + Level 10.3 Throwing
 + Level 12.0 Armour
 + Level 10.3 Dodging
 + Level 10.3 Stealth
 + Level 12.0(14.6) Shields
 + Level 10.3 Unarmed Combat
 + Level 10.3 Spellcasting
 + Level 8.7 Conjurations
 + Level 8.7 Hexes
 + Level 8.7 Charms
 + Level 8.7 Summonings
 + Level 8.7 Necromancy
 + Level 8.7 Translocations
 + Level 8.7 Transmutations
 + Level 8.7 Fire Magic
 + Level 8.7 Ice Magic
 + Level 8.7 Air Magic
 + Level 8.7 Earth Magic
 + Level 8.7 Poison Magic
 + Level 11.1 Invocations
 + Level 10.3 Evocations


You had 34 spell levels left.
You didn't know any spells.
Your spell library contained the following spells:

 Spells                   Type           Power        Failure   Level  Hunger
 Animate Skeleton         Necr           N/A          1%          1    None
 Beastly Appendage        Tmut           #####.       1%          1    None
 Corona                   Hex            #####..      1%          1    None
 Pain                     Necr           ####         1%          1    None
 Sandblast                Erth           #####.       1%          1    None
 Shock                    Conj/Air       ####         1%          1    None
 Sting                    Tmut/Pois      ####         1%          1    None
 Summon Butterflies       Summ           #####...     1%          1    None
 Corpse Rot               Necr/Air       N/A          1%          2    None
 Passwall                 Tmut/Erth      #####...     1%          2    None
 Poisonous Vapours        Pois/Air       #####.       1%          2    None
 Slow                     Hex            #####...     1%          2    None
 Sticks to Snakes         Tmut           #####...     1%          2    None
 Swiftness                Chrm/Air       #####...     1%          2    None
 Call Canine Familiar     Summ           #####...     3%          3    None
 Ignite Poison            Fire/Tmut/Pois #####...     3%          3    None
 Inner Flame              Hex/Fire       #####...     3%          3    None
 Mephitic Cloud           Conj/Pois/Air  #####...     3%          3    None
 Portal Projectile        Hex/Tloc       #####.       3%          3    None
 Recall                   Summ/Tloc      N/A          3%          3    None
 Spider Form              Tmut/Pois      #####.....   3%          3    None
 Static Discharge         Conj/Air       #####...     3%          3    None
 Stone Arrow              Conj/Erth      #####.       3%          3    None
 Vampiric Draining        Necr           #####.....   3%          3    None
 Airstrike                Air            #####.....   12%         4    ##.....
 Animate Dead             Necr           N/A          12%         4    ##.....
 Cause Fear               Hex            #####.....   12%         4    ##.....
 Ice Form                 Ice/Tmut       #####...     12%         4    ##.....
 Leda's Liquefaction      Hex/Erth       #####.....   12%         4    ##.....
 Olgreb's Toxic Radiance  Pois           #####...     12%         4    ##.....
 Petrify                  Tmut/Erth      #####...     12%         4    ##.....
 Summon Ice Beast         Ice/Summ       #####...     12%         4    ##.....
 Agony                    Necr           #####...     34%         5    ####...
 Aura of Abjuration       Summ           #####.....   34%         5    ####...
 Blade Hands              Tmut           #####.....   34%         5    ####...
 Fireball                 Conj/Fire      #####.....   34%         5    ####...
 Lee's Rapid Deconstruct  Erth           #####.....   34%         5    ####...
 Lightning Bolt           Conj/Air       #####.....   34%         5    ####...
 Summon Demon             Summ           #####.....   34%         5    ####...
 Summon Forest            Summ/Tloc      #####.....   34%         5    ####...
 Summon Mana Viper        Hex/Summ       #####...     34%         5    ####...
 Eringya's Noxious Bog    Tmut/Pois      #####.....   88%         6    ######.
 Hydra Form               Tmut           #####.....   88%         6    ######.
 Shadow Creatures         Summ           N/A          88%         6    ######.
 Summon Hydra             Summ           #####.....   100%        7    #######


Dungeon Overview and Level Annotations

Branches:
Dungeon (15/15)            Temple (0/1) D:5            Lair (6/6) D:11
  Swamp (0/4) Lair:2       Spider (0/4) Lair:4        Slime (0/5) Lair:6
    Orc (2/2) D:11            Elf (0/3) Orc:2        Vaults (0/5) D:14
 Depths (0/5) D:15

Altars:
Ashenzari
Cheibriados
Fedhas
Gozag
Hepliaklqana
Kikubaaqudgha
Makhleb
Trog
Vehumet
Wu Jian
Beogh
Jiyva

Shops:
D:6 [[*[   D:15 !

Annotations:
D:6 3 runed translucent doors, Zorot's ghost, novice NaMo
D:10 2 exclusions
D:14 3 runed translucent doors, exclusion: obsidian statue, p0werm0de's ghost, journeyman DDFi
Lair:3 3 runed translucent doors, Sygruoh's ghost, journeyman TeAE


Innate Abilities, Weirdness & Mutations

Your experience applies equally to all skills.
You have very sharp teeth.
Your uncanny sense of smell can sniff out nearby items.


Message History

The orc high priest invokes the aid of Beogh against you.
Beogh smites you!
* * * LOW HITPOINT WARNING * * *
Evoke which item? (* to show all) (? for menu, Esc to quit)
Aiming: Scattershot
Press: ? - help, Shift-Dir - straight line, f - orc high priest
Aim: an orc high priest, wielding a +0 long sword (unusually strong)
The burst of metal fragments hits the orc high priest! x2
The burst of metal fragments hits the orc high priest!!
The burst of metal fragments hits the orc high priest!
You kill the orc high priest!
Your Fighting skill increases to level 12!
Your Armour skill increases to level 12!
Your base Shields skill increases to level 12!
The burst of metal fragments hits the orc priest!
You kill the orc priest!
You hear a shout!
The orc misses you.
The orc knight hits you with a +1 great sword of electrocution!!
You die...

..............).# *, * * ,
................# , , , , {
................# ,{ ,, ,
................# , ** *
................# , *
..............).# *, ,*
................# *
..............)o#################
..........)....o@))..............
................o))))............
.................................
............................))).#
..........................#..))#.
..........................#..##..
.............................###.
............................#.###
...............................##


You could see an orc knight and 2 orcs.

Vanquished Creatures
  2 orc warlords (Orc:2)
  A fire dragon (D:14)
  Josephine (Orc:2)
  A vault guard (D:14)
  A rakshasa (D:13)
  11 hydras
  6 centaur warriors
  10 two-headed ogres
  Erica (D:8)
  A death knight (D:13)
  3 death yaks (D:11)
  An ogre mage (Orc:2)
  Urug (D:11)
  3 orc high priests (Orc:2)
  A skeletal warrior (D:13)
  A death drake (shapeshifter) (D:11)
  2 unseen horrors
  A wizard (D:13)
  Pikel (D:8)
  A harpy (D:10)
  A deep elf mage (D:15)
  4 orc knights
  4 orc sorcerers
  2 ugly things
  A manticore (D:11)
  6 cyclopes
  A centaur zombie (D:15)
  6 black mambas
  15 spiny frogs
  A gargoyle (D:11)
  2 centaur skeletons
  2 rime drakes
  A freezing wraith (D:14)
  A kobold demonologist (D:11)
  Maggie (D:8)
  12 komodo dragons
  3 polar bears
  6 trolls
  A tengu conjurer (D:15)
  4 hornets
  11 blink frogs
  14 hippogriffs
  A spriggan (D:9)
  9 wraiths
  2 vampires
  5 wyverns
  55 yaks
  Grum (D:8)
  5 basilisks
  A hungry ghost (D:7)
  14 vampire mosquitoes (D:14)
  5 wargs
  3 swamp worms (Lair:2)
  10 water moccasins
  2 acid dragons
  5 porcupines
  4 ice beasts
  36 orc warriors
  2 sky beasts
  2 black bears
  A phantom (D:9)
  3 eyes of draining
  A necrophage (D:7)
  16 wolves
  7 ogres
  22 centaurs
  13 crocodiles
  4 big kobolds
  14 bullfrogs
  A water moccasin skeleton (D:7)
  4 scorpions
  A killer bee (D:10)
  14 wights
  2 electric eels
  2 howler monkeys
  9 crimson imps
  A wyvern simulacrum (D:14)
  A bullfrog zombie (D:13)
  2 quasits
  20 orc priests
  A gnoll shaman (D:4)
  9 hounds
  4 jellies
  A bullfrog skeleton (D:6)
  Jessica (D:2)
  Terence (D:3)
  4 iguanas
  15 worker ants
  17 orc wizards
  A killer bee zombie (D:8)
  4 worker ant zombies
  Robin (D:4)
  A howler monkey skeleton (D:9)
  9 gnolls
  12 adders
  7 shadow imps
  2 oozes
  An adder skeleton (D:4)
  3 dart slugs
  4 leopard geckos
  72 orcs
  A ball python (D:2)
  6 bats
  7 giant cockroaches
  13 goblins
  7 hobgoblins
  16 jackals
  2 quokkas
  6 frilled lizards
  A giant cockroach zombie (D:5)
  17 kobolds
  A quokka skeleton (D:4)
  6 rats
702 creatures vanquished.

Vanquished Creatures (collateral kills)
  A rakshasa (D:11)
  A gargoyle (D:11)
2 creatures vanquished.

Vanquished Creatures (others)
  A shadow (D:15)
  An ogre (D:11)
  A howler monkey (D:8)
  A wight (D:14)
  2 white imps (D:14)
  2 ufetubi (D:14)
  2 orcs (Orc:1)
  20 fungi
  8 plants
38 creatures vanquished.

Grand Total: 742 creatures vanquished

Notes
Turn   | Place    | Note
-------+----------+-------------------------------------------
     0 | D:1      | MisterFreud the Gnoll Fighter began the quest for the Orb.
     0 | D:1      | Reached XP level 1. HP: 23/23 MP: 1/1
    64 | D:1      | Reached XP level 2. HP: 20/29 MP: 2/2
   603 | D:2      | Found an ancient bone altar of Kikubaaqudgha.
   646 | D:2      | Noticed Jessica
   649 | D:2      | Killed Jessica
   649 | D:2      | Reached skill level 1 in Invocations
   649 | D:2      | Reached XP level 3. HP: 35/35 MP: 2/4
   727 | D:2      | Reached skill level 1 in Long Blades
   727 | D:2      | Reached skill level 1 in Axes
   727 | D:2      | Reached skill level 1 in Maces & Flails
   727 | D:2      | Reached skill level 1 in Polearms
   727 | D:2      | Reached skill level 1 in Staves
   727 | D:2      | Reached skill level 1 in Slings
   727 | D:2      | Reached skill level 1 in Bows
   727 | D:2      | Reached skill level 1 in Crossbows
   727 | D:2      | Reached skill level 1 in Throwing
   727 | D:2      | Reached skill level 1 in Dodging
   727 | D:2      | Reached skill level 1 in Stealth
   727 | D:2      | Reached skill level 1 in Unarmed Combat
   727 | D:2      | Reached skill level 1 in Spellcasting
   727 | D:2      | Reached skill level 1 in Evocations
   727 | D:2      | Reached XP level 4. HP: 37/41 MP: 5/5
   995 | D:2      | Reached skill level 1 in Conjurations
   995 | D:2      | Reached skill level 1 in Hexes
   995 | D:2      | Reached skill level 1 in Charms
   995 | D:2      | Reached skill level 1 in Summonings
   995 | D:2      | Reached skill level 1 in Necromancy
   995 | D:2      | Reached skill level 1 in Translocations
   995 | D:2      | Reached skill level 1 in Transmutations
   995 | D:2      | Reached skill level 1 in Fire Magic
   995 | D:2      | Reached skill level 1 in Ice Magic
   995 | D:2      | Reached skill level 1 in Air Magic
   995 | D:2      | Reached skill level 1 in Earth Magic
   995 | D:2      | Reached skill level 1 in Poison Magic
  1276 | D:3      | Found a hazy altar of Hepliaklqana.
  1462 | D:3      | Found a burning altar of Makhleb.
  1487 | D:3      | Reached XP level 5. HP: 47/47 MP: 6/6
  1907 | D:3      | Noticed Terence
  1914 | D:3      | Killed Terence
  2120 | D:4      | Noticed Robin
  2127 | D:4      | Killed Robin
  2229 | D:4      | Reached XP level 6. HP: 53/53 MP: 8/8
  2240 | D:4      | Got a brightly glowing flail
  2241 | D:4      | Identified the +0 flail of Light {freeze, Str+3} (You found
                  | it on level 4 of the Dungeon)
  2432 | D:4      | Reached skill level 5 in Short Blades
  2717 | D:4      | Reached XP level 7. HP: 36/59 MP: 10/10
  2859 | D:4      | Found an ornate altar of the Wu Jian Council.
  2935 | D:4      | Found a shattered altar of Ashenzari.
  2949 | D:4      | Became a worshipper of Ashenzari the Shackled
  3231 | D:5      | Entered Level 5 of the Dungeon
  3416 | D:5      | Found a staircase to the Ecumenical Temple.
  4130 | D:6      | Found a blossoming altar of Fedhas.
  4173 | D:6      | Found Qiafaqaivu's Antique Armour Boutique.
  4175 | D:6      | Reached XP level 8. HP: 67/67 MP: 12/12
  4291 | D:6      | Found Itolo's Assorted Antiques.
  4299 | D:6      | Bought a scroll labeled FIEVECW RISOMU for 32 gold pieces
  4299 | D:6      | Bought a scroll labeled SAORYLUUPP for 32 gold pieces
  4324 | D:6      | Found Qeterch's Antique Armour Shop.
  4328 | D:6      | Bought a pair of glowing boots for 165 gold pieces
  4360 | D:6      | Found a runed translucent gate.
  4360 | D:6      | Found a runed translucent gate.
  4360 | D:6      | Found a runed translucent gate.
  4680 | D:6      | Found Heruollee's Antique Armour Shoppe.
  4847 | D:6      | Noticed Zorot's ghost (novice NaMo)
  5184 | D:7      | Reached * piety under Ashenzari
  5279 | D:7      | Found an opulent altar of Gozag.
  5279 | D:7      | Found a snail-covered altar of Cheibriados.
  5414 | D:7      | Reached XP level 9. HP: 63/72 MP: 14/14
  6655 | D:9      | Reached skill level 5 in Invocations
  6814 | D:10     | Entered Level 10 of the Dungeon
  6850 | D:10     | Got the uncursed chain mail "Luum" {Int+3 Dex+5}
  6880 | D:10     | Noticed Sonja
  6881 | D:10     | Reached XP level 10. HP: 48/80 MP: 17/17
  6882 | D:10     | Noticed Sonja
  6882 | D:10     | Sonja changed into Sonja the harpy
  6894 | D:10     | Killed Sonja the harpy
  6930 | D:10     | Noticed a two-headed ogre
  7172 | D:10     | Reached skill level 5 in Long Blades
  7172 | D:10     | Reached skill level 5 in Axes
  7172 | D:10     | Reached skill level 5 in Maces & Flails
  7172 | D:10     | Reached skill level 5 in Polearms
  7172 | D:10     | Reached skill level 5 in Staves
  7172 | D:10     | Reached skill level 5 in Slings
  7172 | D:10     | Reached skill level 5 in Bows
  7172 | D:10     | Reached skill level 5 in Crossbows
  7172 | D:10     | Reached skill level 5 in Throwing
  7172 | D:10     | Reached skill level 5 in Dodging
  7172 | D:10     | Reached skill level 5 in Stealth
  7172 | D:10     | Reached skill level 5 in Unarmed Combat
  7172 | D:10     | Reached skill level 5 in Spellcasting
  7172 | D:10     | Reached skill level 5 in Evocations
  7224 | D:10     | Reached ** piety under Ashenzari
  7590 | D:10     | Killed a two-headed ogre
  7856 | D:10     | Noticed a two-headed ogre
  7919 | D:10     | Killed a two-headed ogre
  7919 | D:10     | Reached XP level 11. HP: 54/87 MP: 19/19
  8036 | D:9      | Identified the +7 chain mail "Luum" {Int+3 Dex+5} (You
                  | found it on level 10 of the Dungeon)
  8109 | D:9      | Found a bloodstained altar of Trog.
  8820 | D:8      | Noticed Maggie
  8849 | D:8      | Killed Maggie
  8849 | D:8      | Reached skill level 5 in Conjurations
  8849 | D:8      | Reached skill level 5 in Hexes
  8849 | D:8      | Reached skill level 5 in Charms
  8849 | D:8      | Reached skill level 5 in Summonings
  8849 | D:8      | Reached skill level 5 in Necromancy
  8849 | D:8      | Reached skill level 5 in Translocations
  8849 | D:8      | Reached skill level 5 in Transmutations
  8849 | D:8      | Reached skill level 5 in Fire Magic
  8849 | D:8      | Reached skill level 5 in Ice Magic
  8849 | D:8      | Reached skill level 5 in Air Magic
  8849 | D:8      | Reached skill level 5 in Earth Magic
  8849 | D:8      | Reached skill level 5 in Poison Magic
  8898 | D:8      | Noticed Pikel
  8924 | D:8      | Killed Pikel
  8937 | D:8      | Found an ancient bone altar of Kikubaaqudgha.
  8969 | D:8      | Noticed Grum
  9018 | D:8      | Killed Grum
  9027 | D:8      | Found a radiant altar of Vehumet.
  9027 | D:8      | Noticed Erica
  9044 | D:8      | Killed Erica
 10005 | D:11     | Found a staircase to the Orcish Mines.
 10148 | D:11     | Noticed a sun demon
 10279 | D:11     | Noticed Urug
 10331 | D:11     | Killed Urug
 10407 | D:11     | Noticed a death yak
 10416 | D:11     | Noticed a death yak
 10417 | D:11     | Found a staircase to the Lair.
 10460 | D:11     | Noticed a death yak
 10471 | D:11     | Killed a death yak
 10472 | D:11     | Reached *** piety under Ashenzari
 10497 | D:11     | Killed a death yak
 10513 | D:11     | Killed a death yak
 10513 | D:11     | Reached XP level 12. HP: 61/96 MP: 20/22
 11035 | D:11     | Noticed a two-headed ogre
 11061 | D:11     | Killed a two-headed ogre
 11203 | D:11     | Identified the Handbook of Supportive Heat
 11203 | D:11     | Identified the +8 spear "Haozaixzo" {vorpal, MR+ MP+9}
 11235 | D:11     | Noticed a rakshasa
 11403 | Lair:1   | Entered Level 1 of the Lair of Beasts
 11868 | Lair:1   | Reached skill level 10 in Fighting
 11868 | Lair:1   | Reached skill level 10 in Armour
 11868 | Lair:1   | Reached skill level 10 in Shields
 12399 | Lair:1   | Noticed a six-headed hydra
 12402 | Lair:1   | Killed a six-headed hydra
 12610 | Lair:2   | Reached XP level 13. HP: 98/103 MP: 24/24
 12738 | Lair:2   | Reached **** piety under Ashenzari
 13647 | Lair:2   | Found a staircase to the Swamp.
 14003 | D:6      | Bought a pair of crude boots for 285 gold pieces
 14013 | D:6      | Identified the cursed +0 pair of boots "Nidghuno" {Regen+
                  | rCorr} (You bought it in a shop on level 6 of the Dungeon)
 14599 | D:11     | Killed a rakshasa
 14911 | Lair:3   | Found a runed translucent gate.
 14911 | Lair:3   | Found a runed translucent gate.
 14912 | Lair:3   | Found a runed translucent gate.
 14915 | Lair:3   | Noticed Sygruoh's ghost (journeyman TeAE)
 15707 | Lair:3   | Found the +3 crown of Dyrovepreva {rElec Int+2 SInv}
 15893 | Lair:4   | Reached ***** piety under Ashenzari
 16783 | Lair:4   | Found a hole to the Spider Nest.
 17309 | Lair:5   | Reached XP level 14. HP: 111/111 MP: 26/26
 17790 | Lair:6   | Entered Level 6 of the Lair of Beasts
 17790 | Lair:6   | Found a staircase to the Slime Pits.
 17790 | Lair:6   | Found a viscous altar of Jiyva.
 18113 | Lair:5   | Reached skill level 10 in Short Blades
 19200 | Lair:6   | Reached skill level 10 in Invocations
 20811 | D:13     | Reached ****** piety under Ashenzari
 21369 | D:14     | Identified the +5 quarterstaff "Anesitzo" {speed, rC+
                  | Dex+2}
 21627 | D:14     | Reached XP level 15. HP: 119/119 MP: 28/28
 21818 | D:14     | Found a runed translucent gate.
 21818 | D:14     | Found a runed translucent gate.
 21819 | D:14     | Found a runed translucent gate.
 21824 | D:14     | Noticed p0werm0de's ghost (journeyman DDFi)
 22077 | D:14     | Found a gate to the Vaults.
 22274 | D:15     | Entered Level 15 of the Dungeon
 22383 | D:15     | Found a shattered altar of Ashenzari.
 22526 | D:15     | Found Winered's Distillery.
 22911 | Orc:1    | Entered Level 1 of the Orcish Mines
 23037 | Orc:2    | Entered Level 2 of the Orcish Mines
 23038 | Orc:2    | Noticed Josephine
 23044 | Orc:2    | Killed Josephine
 23186 | Orc:2    | Found a roughly hewn altar of Beogh.
 23286 | Orc:2    | Reached skill level 10 in Long Blades
 23286 | Orc:2    | Reached skill level 10 in Axes
 23286 | Orc:2    | Reached skill level 10 in Maces & Flails
 23286 | Orc:2    | Reached skill level 10 in Polearms
 23286 | Orc:2    | Reached skill level 10 in Staves
 23286 | Orc:2    | Reached skill level 10 in Slings
 23286 | Orc:2    | Reached skill level 10 in Bows
 23286 | Orc:2    | Reached skill level 10 in Crossbows
 23286 | Orc:2    | Reached skill level 10 in Throwing
 23286 | Orc:2    | Reached skill level 10 in Dodging
 23286 | Orc:2    | Reached skill level 10 in Stealth
 23286 | Orc:2    | Reached skill level 10 in Unarmed Combat
 23286 | Orc:2    | Reached skill level 10 in Spellcasting
 23286 | Orc:2    | Reached skill level 10 in Evocations
 23770 | Orc:2    | Noticed an orc warlord
 23813 | Orc:2    | Killed an orc warlord
 23917 | Orc:2    | Found a staircase to the Elven Halls.
 24325 | Orc:2    | Noticed an orc warlord
 24370 | Orc:2    | Killed an orc warlord
 24371 | Orc:2    | Mangled by an orc knight

Levels and vault maps discovered:
D:1:      nicolae_arrival_washed_ashore, layout_rooms
D:2:      minmay_diamond_boxcup, layout_loops_ring, marbit_many_paths,
          st_stairs_12, uniq_jessica
D:3:      layout_basic, lemuel_doored_altar, lemuel_round_altar, first_ration,
          uniq_terence
D:4:      layout_loops_corners, kennysheep_mini, lemuel_coloured_pillars_altar,
          uniq_robin
D:5:      layout_loops_corners, minmay_temple_entry_junction_2, feat_on_display
D:6:      layout_loops_ring, serial_shops, nicolae_shop_behind_doors,
          kennysheep_little_box, shop, nicolae_shop_overgrown_old_shop,
          gammafunk_ghost_icy, skrybe_limestone_x, fedhas_altar_2
D:7:      layout_layer_cave, gammafunk_temple_overflow_elements
D:8:      layout_layer_cave, overflow_temple_1_default, basic_altar, uniq_erica,
          uniq_grum, uniq_maggie, uniq_pikel
D:9:      layout_roguey, overflow_temple_1_default, the_bakery,
          nicolae_underground_beach
D:10:     layout_rooms, serial_bayou, serial_bayou_pond_d, serial_bayou_pond_b,
          serial_bayou_ford_a, serial_bayou_pond_a, uniq_sonja
D:11:     minmay_the_grid_four_pointed_star_mashed
          [minmay_the_grid_triangle_9x9_flanged_cone,
          minmay_the_grid_triangle_9x9_semitri,
          minmay_the_grid_triangle_9x9_longest,
          minmay_the_grid_triangle_9x9_sparse_checkered,
          minmay_the_grid_prize_trominoes], layout_loops_corners,
          dpeg_lair_monsters, orc_0_dummy, uniq_urug
D:12:     layout_irregular_city
D:13:     layout_loops_ring
D:14:     layout_loops_ring, david_vaults_5, ebering_ghost_rock_garden,
          serial_bayou_pond_b, minmay_statues_item, hangedman_devilish_allure
D:15:     grunt_enter_depths_hoard, layout_cross, serial_shops, shop,
          serial_bayou_pond_d, ashenzari_altar_1
Lair:1:   layout_gridlike, serial_bayou_shore_b
Lair:2:   layout_chaotic_city, palyth_hydra_swamp_entry, gauntlet_entry_generic,
          nicolae_quartered_pool_little
Lair:3:   cheibrodos_lair_river_kwai, layout_regular_city,
          gammafunk_ghost_necromancy
Lair:4:   layout_gridlike, nicolae_spider_entry_orb_guardian,
          beast_lair_carwin_11
Lair:5:   layout_roguey, forest_entry_grove, grunt_megastairs_3
Lair:6:   due_jungle_book, layout_small_grid, slime_altar_1, st_stairs_7,
          serial_bayou_pond_d
Orc:1:    layout_caves
Orc:2:    st_orc_congregation, layout_diamond_mine, basic_altar, uniq_josephine

Skill      XL: |  1  2  3  4  5  6  7  8  9 10 11 12 13 14 15 |
---------------+----------------------------------------------+-----
Invocations    | 1 2 3 4 5 6 7 8 9 10 11 | 11.1
Long Blades    | 1 2 3 4 5 6 7 8 9 10 | 10.3
Axes           | 1 2 3 4 5 6 7 8 9 10 | 10.3
Maces & Flails | 1 2 3 4 5 6 7 8 9 10 | 10.3
Polearms       | 1 2 3 4 5 6 7 8 9 10 | 10.3
Staves         | 1 2 3 4 5 6 7 8 9 10 | 10.3
Slings         | 1 2 3 4 5 6 7 8 9 10 | 10.3
Bows           | 1 2 3 4 5 6 7 8 9 10 | 10.3
Crossbows      | 1 2 3 4 5 6 7 8 9 10 | 10.3
Throwing       | 1 2 3 4 5 6 7 8 9 10 | 10.3
Dodging        | 1 2 3 4 5 6 7 8 9 10 | 10.3
Stealth        | 1 2 3 4 5 6 7 8 9 10 | 10.3
Unarmed Combat | 1 2 3 4 5 6 7 8 9 10 | 10.3
Spellcasting   | 1 2 3 4 5 6 7 8 9 10 | 10.3
Evocations     | 1 2 3 4 5 6 7 8 9 10 | 10.3
Conjurations   | 1 2 3 4 5 6 7 8 |  8.7
Hexes          | 1 2 3 4 5 6 7 8 |  8.7
Charms         | 1 2 3 4 5 6 7 8 |  8.7
Summonings     | 1 2 3 4 5 6 7 8 |  8.7
Necromancy     | 1 2 3 4 5 6 7 8 |  8.7
Translocations | 1 2 3 4 5 6 7 8 |  8.7
Transmutations | 1 2 3 4 5 6 7 8 |  8.7
Fire Magic     | 1 2 3 4 5 6 7 8 |  8.7
Ice Magic      | 1 2 3 4 5 6 7 8 |  8.7
Air Magic      | 1 2 3 4 5 6 7 8 |  8.7
Earth Magic    | 1 2 3 4 5 6 7 8 |  8.7
Poison Magic   | 1 2 3 4 5 6 7 8 |  8.7
Short Blades   | 5 6 7 8 9 10 11 | 11.2
Fighting       | 7 8 9 10 11 12 | 12.0
Armour         | 7 8 9 10 11 12 | 12.0
Shields        | 7 8 9 10 11 12 | 12.0

Action                   |  1- 3 |  4- 6 |  7- 9 | 10-12 | 13-15 || total
-------------------------+-------+-------+-------+-------+-------++-------
Melee: Rapier            |    51 |    94 |       |       |       ||   145
       Bite              |     3 |    31 |    89 |   313 |   477 ||   913
       Dagger            |       |   184 |   658 |  1490 |  1843 ||  4175
       Demon trident     |       |       |       |       |   656 ||   656
Invok: Curse Item        |       |       |     2 |       |     1 ||     3
Evoke: Wand              |       |       |     1 |    11 |    11 ||    23
       Box of beasts     |       |       |       |       |     1 ||     1
  Use: Scroll            |       |     1 |    10 |     9 |    16 ||    36
       Potion            |       |       |       |     3 |     1 ||     4
 Stab: Distracted        |       |       |     1 |       |     2 ||     3
       Sleeping          |       |       |       |     5 |     2 ||     7
  Eat: Chunk             |       |     6 |    15 |    20 |    36 ||    77
       Ration            |       |       |     2 |       |     1 ||     3
Armor: Scale mail        |    15 |    68 |     3 |       |       ||    86
       Chain mail        |       |       |   203 |   265 |   559 ||  1027
Dodge: Dodged            |    17 |    65 |   117 |   278 |   844 ||  1321
Block: Kite shield       |    31 |   143 |   221 |   527 |  1210 ||  2132

Table legend:
 A = Non-vault XP
 B = Vault XP
 C = Vault XP percentage of total XP
 D = Non-vault monster count
 E = Vault monster count
 F = Vault count percentage of total count
                 A         B        C        D         E       F
            +---------+---------+-------+---------+---------+-------
      Total |   91340 |   36195 |  28.4 |     563 |     143 |  20.3
            +---------+---------+-------+---------+---------+-------
        D:1 |      21 |       0 |   0.0 |       7 |       0 |   0.0
        D:2 |      55 |      57 |  50.9 |      19 |      11 |  36.7
        D:3 |     114 |      36 |  24.0 |      30 |       1 |   3.2
        D:4 |     330 |      34 |   9.3 |      20 |      11 |  35.5
        D:5 |     363 |       0 |   0.0 |      14 |       0 |   0.0
        D:6 |     929 |       0 |   0.0 |      23 |       0 |   0.0
        D:7 |    1432 |       0 |   0.0 |      22 |       0 |   0.0
        D:8 |    1046 |    2445 |  70.0 |      18 |       7 |  28.0
        D:9 |    1671 |     211 |  11.2 |      33 |       1 |   2.9
       D:10 |    4516 |     878 |  16.3 |      26 |       2 |   7.1
       D:11 |    6205 |    8617 |  58.1 |      44 |      23 |  34.3
       D:12 |    2866 |       0 |   0.0 |       9 |       0 |   0.0
       D:13 |    7112 |       0 |   0.0 |      30 |       0 |   0.0
       D:14 |    8133 |    5423 |  40.0 |      32 |      14 |  30.4
       D:15 |    6298 |       0 |   0.0 |      26 |       0 |   0.0
     Lair:1 |    6050 |       0 |   0.0 |      31 |       0 |   0.0
     Lair:2 |    4592 |    1866 |  28.9 |      27 |       6 |  18.2
     Lair:3 |    1760 |    4086 |  69.9 |       5 |       7 |  58.3
     Lair:4 |    4176 |     789 |  15.9 |      20 |       4 |  16.7
     Lair:5 |    3812 |    1851 |  32.7 |      13 |      12 |  48.0
     Lair:6 |   15483 |     244 |   1.6 |      41 |       1 |   2.4
      Orc:1 |    3304 |       0 |   0.0 |      19 |       0 |   0.0
      Orc:2 |   11072 |    9658 |  46.6 |      54 |      43 |  44.3
            +---------+---------+-------+---------+---------+-------
